[Event "20th Heraklion IT Open 2017"]
[Site "Heraklion"]
[Date "2017.04.18"]
[Round "3"]
[White "Spirou, Gerasimos"]
[Black "Maris, Ioannis"]
[Result "0-1"]
[ECO "B50"]
[WhiteElo "1692"]
[BlackElo "1967"]
[Annotator "NA"]
[PlyCount "44"]
[EventDate "2017.??.??"]
[EventType "swiss"]
[EventCountry "GRE"]
[SourceTitle "playchess.com"]
[Source "ChessBase"]
[SourceQuality "1"]
[TimeControl "40/5400+30:1800+30"]

1. e4 c5 2. Nf3 d6 3. c3 Nf6 4. Bd3 Nc6 {[%emt 0:02:43] LiveBook: 580 Games} 5. Bc2 Bg4 6. h3 Bh5 7. d3 e6 8. Be3 {[%emt 0:04:23] B50: Sicilian: 2...d6, Miscellaneous} (8. Nbd2 Qc7 9. Nf1 d5 10. exd5 exd5 11. Ng3 Bg6 12. O-O O-O-O 13. a3 Bd6 14. b4 c4 15. d4 Rhe8 16. Nf5 {½-½ (45) Aronian,L (2797)-Nakamura,H (2767) Saint Louis 2014}) 8... Be7 9. Nbd2 O-O $146 (9... d5 10. Ba4 Qc7 11. Bxc6+ bxc6 12. Qa4 Nd7 13. a3 O-O 14. O-O a5 15. Rab1 f6 16. exd5 cxd5 {0-1 (37) Iakymov,V (2469)-Roiz,M (2593) Israel 2016}) 10. Qe2 h6 11. g4 Bg6 12. g5 (12. Bf4 $11 {remains equal.}) 12... hxg5 13. Nxg5 d5 14. f4 {[%emt 0:01:42] [#]} (14. Rg1 $17 d4 15. Nxe6 fxe6 16. Rxg6) 14... d4 $1 15. Bf2 $2 (15. cxd4 cxd4 16. Bg1) 15... Bh5 (15... Nh5 $19 {and Black stays clearly on top.} 16. Qg4 {[#]} Nxf4 $1 17. Qxf4 Bxg5) 16. Ngf3 dxc3 17. bxc3 Qa5 18. c4 (18. Rc1 $17 {keeps fighting.}) 18... Qc3 19. Rc1 Nb4 20. Kd1 Nxa2 21. Rb1 Qa3 22. Ke1 $19 Nc3 0-1

[Event "20th Heraklion IT Open 2017"]
[Site "Heraklion"]
[Date "2017.04.18"]
[Round "3"]
[White "Galanakis, Nikos"]
[Black "Bras, Emanouel"]
[Result "0-1"]
[ECO "A22"]
[WhiteElo "1588"]
[BlackElo "1898"]
[Annotator "NA RC"]
[PlyCount "82"]
[EventDate "2017.??.??"]
[EventType "swiss"]
[EventCountry "GRE"]
[SourceTitle "playchess.com"]
[Source "ChessBase"]
[SourceQuality "1"]
[TimeControl "40/5400+30:1800+30"]

1. c4 e5 2. Nc3 Nf6 3. g3 d5 4. cxd5 Nxd5 5. Bg2 Nb6 6. Nf3 Nc6 7. O-O {[%emt 0:03:40] LiveBook: 3148 Games} Be7 8. b3 O-O 9. Bb2 f5 10. d3 {[%emt 0:06:07] A29: English Opening: Four Knights Variation with 4 g3} (10. d4 e4 11. Ne5 Nxe5 12. dxe5 Be6 13. Nb5 Bd5 14. Qc2 c6 15. Nd4 Qd7 16. e3 Qc7 17. g4 fxg4 18. Bxe4 Qxe5 19. Bxh7+ {1-0 (35) Lai,H (2334)-Spoelman,W (2583) Amstelveen 2015}) 10... a6 11. a3 $146 (11. Rc1 Bf6 12. e3 Be6 13. Ba3 Be7 14. Bxe7 Qxe7 15. Qe2 Rad8 16. Rfd1 Bc8 17. Qb2 f4 18. Ne2 fxe3 19. fxe3 Bg4 20. Rxc6 bxc6 21. Nxe5 Bxe2 {½-½ (58) Cordon,I-Singh,S Dubai 1986}) 11... Be6 12. Qc2 Bf6 13. Rfd1 Qe7 14. Rab1 g5 15. e3 g4 16. Nd2 Qf7 (16... Rad8 $11) 17. Nc4 Nxc4 (17... Bg7 $11) 18. dxc4 e4 19. Ne2 Bxb2 20. Qxb2 Qg7 21. Nf4 Qxb2 22. Rxb2 Kf7 23. Rbd2 Rad8 24. h3 Rxd2 25. Rxd2 h5 26. Nxh5 gxh3 27. Bxh3 Ne5 28. Bg2 b5 29. cxb5 axb5 30. Rc2 Bxb3 31. Rxc7+ Ke6 32. Nf4+ Kd6 33. Rc3 Bd1 34. Rc1 Bg4 35. Rb1 Rc8 36. Kf1 Rc3 37. Ra1 Nc4 38. Ke1 $2 (38. Ne2 $1 $11 {and White is okay.} Bxe2+ 39. Kxe2) 38... Nxa3 ({Worse is} 38... Rxa3 39. Rxa3 Nxa3 40. Kd2 $11) 39. Ra2 b4 40. Kd2 ({But not} 40. Rd2+ $2 Kc6 41. f3 Rxe3+ 42. Kf2 Bxf3 43. Kxe3 Nc4+ 44. Kd4 Nxd2 $19) (40. f3 $19 exf3 41. Bf1) 40... Nb1+ 41. Ke1 Ke5 0-1

[Event "20th Heraklion IT Open 2017"]
[Site "Heraklion"]
[Date "2017.04.18"]
[Round "3"]
[White "Lianeris, Andreas"]
[Black "Pelantakis, Mihail"]
[Result "1/2-1/2"]
[ECO "B52"]
[WhiteElo "1543"]
[BlackElo "1737"]
[Annotator "NA RC"]
[PlyCount "115"]
[EventDate "2017.??.??"]
[EventType "swiss"]
[EventCountry "GRE"]
[SourceTitle "playchess.com"]
[Source "ChessBase"]
[SourceQuality "1"]
[TimeControl "40/5400+30:1800+30"]

1. e4 c5 2. Nf3 d6 3. Bb5+ Bd7 4. Bxd7+ Qxd7 5. O-O Nf6 6. Qe2 Nc6 7. c3 e6 8. d4 cxd4 9. cxd4 d5 10. e5 Ne4 11. Be3 Be7 12. Ne1 f6 13. f3 Ng5 14. Nd3 Nf7 15. f4 O-O 16. Nd2 f5 17. Nf3 b6 18. Bd2 Rfc8 19. Rfc1 Rc7 20. a3 a5 21. Rc3 a4 22. Rac1 Rac8 23. Nde1 Nb8 24. Rxc7 Rxc7 25. Rxc7 Qxc7 26. Qb5 Qc6 27. Qxc6 Nxc6 28. Nd3 Kf8 29. Kf1 Ke8 30. Ke1 Kd7 31. Kd1 h6 32. Bc3 g5 33. Ke2 Kc7 34. g3 g4 35. Nd2 Kb7 36. Kd1 Ka6 37. Kc2 Kb5 38. Nc1 h5 39. Kd3 h4 40. Ne2 h3 41. Nf1 Na5 42. Be1 Ka6 43. Nc1 Nc4 44. Kc2 Nd8 45. Na2 Nc6 46. Bc3 Kb5 47. Nc1 N6a5 48. Nd3 Nb3 49. Nf2 Nca5 50. Ne3 Nc6 51. Kd3 Nc1+ 52. Kd2 Na2 53. Kd3 Nxc3 54. Kxc3 Ka5 55. Nc2 Kb5 56. Ne3 Na5 57. Nd3 Nb3 58. Nc2 1/2-1/2

[Event "20th Heraklion IT Open 2017"]
[Site "Heraklion"]
[Date "2017.04.19"]
[Round "4"]
[White "Wallace, John Paul"]
[Black "Sredojevic, Ivan"]
[Result "1/2-1/2"]
[ECO "B06"]
[WhiteElo "2404"]
[BlackElo "2351"]
[Annotator "ChessBase"]
[PlyCount "109"]
[EventDate "2017.??.??"]
[EventType "swiss"]
[EventCountry "GRE"]
[SourceTitle "playchess.com"]
[Source "ChessBase"]
[SourceQuality "1"]
[TimeControl "40/5400+30:1800+30"]

1. d4 Nf6 2. c4 e6 3. Nf3 Bb4+ 4. Bd2 Qe7 5. g3 Nc6 6. Nc3 O-O 7. Bg2 Na5 8. b3 b6 9. Ne5 Bb7 10. Bxb7 Nxb7 11. O-O c5 12. dxc5 Nxc5 13. Nd3 Nxd3 14. exd3 d5 15. Nb5 Rfd8 16. Bxb4 Qxb4 17. Qc2 Rac8 18. Rac1 dxc4 19. dxc4 a6 20. Nc3 b5 21. Ne4 Nxe4 22. Qxe4 bxc4 23. Rxc4 Rxc4 24. bxc4 g6 25. Qc6 Qd6 26. Qa4 Qb6 27. Rd1 Rxd1+ 28. Qxd1 Qb2 29. c5 Qc3 30. Qa4 Qc1+ 31. Kg2 Qxc5 32. Qxa6 Qd5+ 33. Kg1 h5 34. h4 g5 35. hxg5 Qxg5 36. Qc4 Qf5 37. a4 Qb1+ 38. Qf1 Qa2 39. Qb5 Qa1+ 40. Kg2 Qd4 41. a5 Qe4+ 42. Kg1 Qe1+ 43. Kg2 Qe4+ 44. Kh2 Qf3 45. Kg1 Kh7 46. a6 h4 47. Qa4 h3 48. Qh4+ Kg6 49. Qxh3 Qa3 50. Qg4+ Kh6 51. Qf4+ Kg7 52. Qe5+ Kh7 53. Qe4+ Kg7 54. Qb7 Qc1+ 55. Kg2 1/2-1/2

[Event "20th Heraklion IT Open 2017"]
[Site "Heraklion"]
[Date "2017.04.19"]
[Round "4"]
[White "Martorelli, Antonio"]
[Black "Lirindzakis, Timotheos"]
[Result "1/2-1/2"]
[ECO "C85"]
[WhiteElo "2220"]
[BlackElo "2177"]
[Annotator "TA"]
[PlyCount "77"]
[EventDate "2017.??.??"]
[EventType "swiss"]
[EventCountry "GRE"]
[SourceTitle "playchess.com"]
[Source "ChessBase"]
[SourceQuality "1"]
[TimeControl "40/5400+30:1800+30"]

1. d4 Nf6 2. Nf3 e6 3. e3 b6 4. Bd3 Bb7 5. Nbd2 c5 6. O-O Nc6 7. a3 Be7 8. b3 Qc7 9. Bb2 O-O 10. c4 {[%emt 0:00:48] LiveBook: 8 Games A47: 1 d4 Nf6 2 Nf3 b6: Torre, London and Colle Systems} (10. Rc1 Rad8 11. c4 cxd4 12. exd4 Qf4 13. Re1 d5 14. c5 bxc5 15. dxc5 a5 16. Ne5 d4 17. g3 Qh6 {1-0 (44) Rahman,Z (2528)-Chernyshov,K (2597) Chennai 2011}) 10... d6 11. Re1 Rfd8 12. Rc1 Rac8 13. Qe2 Qd7 $146 (13... Qb8 14. h3 a6 15. Nh2 cxd4 16. exd4 d5 17. c5 bxc5 18. dxc5 {0-1 (44) Berkell,P (2242)-Ekelund,P (2112) Sweden 2005}) 14. Ne4 Nxe4 15. Bxe4 d5 16. Bb1 dxc4 17. Qc2 g6 18. bxc4 Na5 19. Ne5 Qe8 20. Ba2 f6 21. Nd3 Qf7 22. Qc3 Nc6 (22... Kg7 $11 {keeps the balance.}) 23. d5 $1 Nb8 24. e4 e5 (24... Rf8 {was worth a try.} 25. e5 fxe5) 25. Nxe5 fxe5 26. Qxe5 Kf8 27. Qg3 (27. Re3 $142 Qg8 28. Qg3) 27... Ke8 $2 (27... Nc6) 28. e5 Qf5 $2 (28... Nc6 29. e6 (29. dxc6 Bxc6 30. e6 Qf5 $16) 29... Qg8 30. dxc6 Rxc6) 29. f4 (29. e6 $142) 29... b5 (29... Qh5 $142 30. e6 Nc6) 30. Bb1 ({Weaker is} 30. cxb5 Bxd5 31. Bb1 Qf7 $15) ({Don't play} 30. d6 Qe6 31. Bb1 (31. dxe7 Rd2 32. Bb1 Rxg2+ 33. Qxg2 Bxg2 34. Kxg2 bxc4 $19) 31... b4 32. dxe7 Rd2) 30... Qh5 31. d6 Bh4 32. Qh3 Kf8 33. Re3 ({Weaker is} 33. cxb5 Bxe1 34. Qxh5 gxh5 $16) 33... Re8 (33... Nc6 $142 34. g4 Qh6) 34. e6 Bc6 35. e7+ Bxe7 36. dxe7+ ({Not} 36. Rxe7 Qxh3 37. gxh3 Rxe7 38. dxe7+ Kxe7 $16) 36... Rxe7 37. Qxc8+ Kf7 38. Rxe7+ Kxe7 39. Re1+ 1/2-1/2

[Event "20th Heraklion IT Open 2017"]
[Site "Heraklion"]
[Date "2017.04.19"]
[Round "4"]
[White "Mamoulakis, Eleftherios"]
[Black "Moshovakis, Aggelos"]
[Result "1/2-1/2"]
[ECO "A06"]
[WhiteElo "2117"]
[BlackElo "2030"]
[Annotator "NA"]
[PlyCount "122"]
[EventDate "2017.??.??"]
[EventType "swiss"]
[EventCountry "GRE"]
[SourceTitle "playchess.com"]
[Source "ChessBase"]
[SourceQuality "1"]
[TimeControl "5400+30"]

1. e4 e6 2. d4 d5 3. Nc3 Nf6 4. Bg5 Bb4 5. exd5 Qxd5 6. Nf3 Nbd7 {[%emt 0:00:21] C12: French: Classical System: McCutcheon Variation} (6... Ne4 $5 7. Bd2 $8 Bxc3 8. bxc3 (8. Bxc3 Nxc3 9. bxc3 b6 $11) 8... c5 $11) (6... c5 7. Bxf6 Bxc3+ 8. bxc3 gxf6 9. Bd3 Bd7 10. O-O c4 11. Be2 Bc6 12. Ne1 Nd7 13. a4 Rg8 14. Bf3 {½-½ (74) Christiansen,J (2432)-Sebenik,M (2534) Lienz 2017}) 7. Bd3 Ne4 8. Bd2 Bxc3 $1 9. bxc3 Nxd2 10. Qxd2 b6 $146 (10... O-O 11. O-O Qa5 12. Qe3 c5 13. Rab1 Qxa2 14. Be4 cxd4 15. cxd4 Nf6 16. Bxb7 Bxb7 17. Rxb7 Qxc2 18. Rc1 Qa4 19. h3 Rad8 20. Rcc7 Rd7 {½-½ (20) Hoffmann,H (2280)-Wichmann,C (2215) Gruenheide 1996}) 11. c4 Qh5 12. Qf4 Bb7 13. Qxc7 Bxf3 14. gxf3 Qxf3 15. Rg1 Ke7 16. c5 bxc5 $1 17. dxc5 Qd5 $1 18. Qd6+ Qxd6 19. cxd6+ Kf6 20. Bb5 Rhd8 21. O-O-O Rab8 22. a4 Rb6 23. Rg3 Ne5 24. Rd4 Rbxd6 25. Rf4+ Ke7 26. Rxg7 Rd1+ 27. Kb2 Rb8 28. Kc3 Rc8+ 29. Kb3 Rb1+ 30. Ka2 Rh1 31. Rxh7 Rxc2+ 32. Kb3 Rhc1 33. Rh5 Rc3+ 34. Kb4 Nc6+ 35. Bxc6 Rxc6 36. Rb5 Rb1+ 37. Ka5 Rxb5+ 38. axb5 Rc2 39. h4 f5 40. h5 Kf6 41. h6 Kg6 42. Rh4 Kh7 43. f4 Rc4 44. Ka6 Ra4+ 45. Kb7 {[%emt 0:00:05] [#]} e5 $1 46. Rh5 Rxf4 ({And not} 46... exf4 47. Kc6 $11) 47. Kxa7 e4 48. b6 e3 49. b7 e2 (49... Ra4+ $142 50. Kb8 e2) 50. Rh1 Ra4+ 51. Kb6 Rb4+ 52. Kc7 f4 53. b8=Q Rxb8 54. Kxb8 f3 55. Re1 Kxh6 56. Kc7 Kg5 57. Kd6 Kf4 58. Kd5 Ke3 59. Rh1 f2 60. Rh3+ Kd2 61. Kd4 e1=Q 1/2-1/2

[Event "20th Heraklion IT Open 2017"]
[Site "Heraklion"]
[Date "2017.04.19"]
[Round "4"]
[White "Hristodoulaki, Antonia"]
[Black "Predeftakis, Georgios"]
[Result "1-0"]
[ECO "B53"]
[WhiteElo "1994"]
[BlackElo "1688"]
[Annotator "NA RC"]
[PlyCount "89"]
[EventDate "2017.??.??"]
[EventType "swiss"]
[EventCountry "GRE"]
[SourceTitle "playchess.com"]
[Source "ChessBase"]
[SourceQuality "1"]
[TimeControl "40/5400+30:1800+30"]

1. e4 c5 2. Nf3 d6 3. d4 cxd4 4. Qxd4 Nc6 5. Bb5 Bd7 6. Qe3 {[%emt 0:01:02] LiveBook: 3 Games B53: Sicilian: 2...d6: Lines with Qxd4} (6. Qd3 Nf6 7. O-O g6 8. c4 Bg7 9. Nc3 O-O 10. h3 a6 11. Bxc6 Bxc6 12. Nd4 Nd7 13. Be3 Rc8 14. Rac1 Nc5 {½-½ (35) Malakhov,V (2713)-Li,C (2720) Doha 2016}) 6... g6 7. c4 $146 (7. O-O Bg7 8. c4 Nf6 9. Nc3 O-O 10. h3 a6 11. Ba4 Rc8 12. Bd2 Be6 13. Bxc6 bxc6 {½-½ (31) Kindsvogel,R (2279)-Sulzbach,S (2195) Baden 2013}) 7... Bg7 8. Nc3 Nb4 9. Qd2 a6 10. Bxd7+ Qxd7 11. O-O Nf6 12. Rd1 Qe6 13. Qe2 Rc8 14. a3 Nc6 15. Ng5 Qe5 ({Black should try} 15... Qg4 $11) 16. f4 Qa5 17. Be3 h6 18. Nh3 Qh5 $1 19. Qc2 Ng4 20. Bb6 g5 (20... O-O $15) 21. e5 (21. Ne2 $1 $11) 21... dxe5 22. f5 {[%emt 0:00:01] [#]} Nd4 ({Black should play} 22... O-O $1 $17 {White must now prevent ...Nd4.} 23. Rd7 e4) 23. Qe4 Rc6 $2 ({And not} 23... Rxc4 24. Nd5 (24. Qd5 Rc8 25. Qxb7 O-O $19) 24... O-O 25. Qd3 $14 (25. b3 Rc6 26. Nxe7+ Kh8 27. Nxc6 bxc6 $14)) (23... O-O $17 {stays on course.} 24. Nd5 Rfe8) 24. Bxd4 exd4 25. Nd5 Be5 26. Rxd4 Bxd4+ ({Don't take} 26... Bxh2+ $2 27. Kh1 Kf8 28. Qxg4 $18) 27. Qxd4 f6 {[%emt 0:03:14] [#]} 28. Qa7 $1 Rd6 $2 (28... Kf8 $16) 29. Qb8+ $2 Rd8 30. Qxb7 Rd7 $2 (30... O-O $11) 31. Qc8+ ({Less strong is} 31. Qxa6 Kf8 $16) 31... Rd8 {[%emt 0:00:10] [#]} 32. Qxa6 $2 ({White must play} 32. Qe6 $1 $18 Qf7 33. Nc7+ (33. Qxa6 O-O $11) 33... Kf8 34. Qe2 (34. Qxa6 Kg8 $16)) 32... Ne5 $14 33. Re1 ({White should play} 33. Nf2 $14 O-O 34. Nxe7+ Kg7 35. Nd5) 33... Qh4 34. Nf2 Qd4 $2 (34... Qxc4 $11 35. Qxc4 Nxc4 36. Rxe7+ (36. Nxe7 Kf7 37. Nc6 Rd7 $17) 36... Kf8) 35. Nxf6+ exf6 $2 (35... Kf8) 36. Qxf6 Kd7 37. Rd1 ({Less strong is} 37. Qxe5 Qxe5 38. Rxe5 Rhe8 39. Rxe8 Rxe8 $16) 37... Qxd1+ 38. Nxd1 Rhe8 39. Nc3 h5 40. h3 g4 41. Nb5 Re7 $18 42. Qd6+ Ke8 43. f6 Rxd6 44. Nxd6+ Kd7 45. fxe7 1-0

[Event "20th Heraklion IT Open 2017"]
[Site "Heraklion"]
[Date "2017.04.19"]
[Round "4"]
[White "Serpetsidakis, Nikolaos"]
[Black "Sourgkounis, Angelos"]
[Result "1-0"]
[ECO "A46"]
[WhiteElo "1994"]
[BlackElo "1960"]
[Annotator "NA RC"]
[PlyCount "120"]
[EventDate "2017.??.??"]
[EventType "swiss"]
[EventCountry "GRE"]
[SourceTitle "playchess.com"]
[Source "ChessBase"]
[SourceQuality "1"]
[TimeControl "40/5400+30:1800+30"]

1. e4 d6 2. d4 Nd7 3. Nf3 c6 4. c4 e5 5. Nc3 Ngf6 6. Be2 Be7 7. O-O O-O 8. Re1 Re8 9. Bf1 Qc7 10. Rb1 a5 11. a3 Nf8 12. h3 Ng6 13. d5 c5 14. Nh2 Rf8 15. Bd3 Bd7 16. b3 Kh8 17. Nf1 Nf4 18. Bxf4 exf4 19. Be2 Ng8 20. Bg4 Be8 21. Qd2 g5 22. Nh2 Nh6 23. Nb5 Qd8 24. Bh5 Bd7 25. Rbd1 f6 26. Qe2 a4 27. b4 cxb4 28. axb4 Qb6 29. Nf3 f5 30. e5 dxe5 31. Nxe5 Bxb5 32. cxb5 Qd8 33. d6 Bf6 34. Rd3 a3 35. Qa2 Qb6 36. Qd5 a2 37. Ra1 Rfd8 38. d7 Qc7 39. Rxa2 Rxa2 40. Qxa2 Qxe5 41. Rd1 g4 42. Be8 gxh3 43. gxh3 f3 44. Qd5 Qxd5 45. Rxd5 Be7 46. Bh5 Bxb4 47. Bxf3 b6 48. Rd3 Bc5 49. Bc6 Kg7 50. Kf1 Ng8 51. Rg3+ Kf6 52. Ke2 Ke6 53. Rg7 Nf6 54. Kf1 Nxd7 55. Rxh7 Nf6 56. Rh4 Rd2 57. f3 Nd5 58. Rh6+ Ke5 59. Ke1 Rh2 60. Bd7 Ne3 1-0

[Event "20th Heraklion IT Open 2017"]
[Site "Heraklion"]
[Date "2017.04.19"]
[Round "4"]
[White "Maris, Ioannis"]
[Black "Vitsaxakis, Nikolaos"]
[Result "0-1"]
[ECO "C55"]
[WhiteElo "1967"]
[BlackElo "1726"]
[Annotator "NA"]
[PlyCount "80"]
[EventDate "2017.??.??"]
[EventType "swiss"]
[EventCountry "GRE"]
[SourceTitle "playchess.com"]
[Source "ChessBase"]
[SourceQuality "1"]
[TimeControl "40/5400+30:1800+30"]

1. e4 e5 2. Nf3 Nc6 3. Bc4 Nf6 4. d3 Be7 5. O-O O-O 6. c3 d6 7. h3 Na5 8. Bb5 a6 9. Ba4 b5 10. Bc2 c5 11. Re1 Nc6 12. Nbd2 Re8 13. Nf1 Bf8 14. a4 Rb8 15. axb5 axb5 16. d4 b4 17. Ba4 Bd7 18. dxc5 dxc5 19. Bg5 Be7 20. Bxc6 Bxc6 21. Nxe5 Bxe4 22. Bxf6 Bxf6 23. Nd7 bxc3 24. Nxf6+ Qxf6 25. bxc3 Qxc3 26. Qd6 Qd4 27. Qc7 Rb2 28. Ne3 Qd2 29. Ng4 Qb4 30. Re3 h5 31. Ra7 Rf8 32. Nh6+ gxh6 33. Rg3+ Kh7 34. Qe5 Bg6 35. Rxg6 Kxg6 36. Ra6+ f6 37. Qg3+ Kf5 38. Qf3+ Qf4 39. g4+ hxg4 40. hxg4+ Ke5 0-1

[Event "20th Heraklion IT Open 2017"]
[Site "Heraklion"]
[Date "2017.04.19"]
[Round "4"]
[White "Lampadariou, Nikolaos"]
[Black "Stratigi, Evangelia"]
[Result "1-0"]
[ECO "D96"]
[WhiteElo "1948"]
[BlackElo "1662"]
[Annotator "NA RC"]
[PlyCount "131"]
[EventDate "2017.??.??"]
[EventType "swiss"]
[EventCountry "GRE"]
[SourceTitle "playchess.com"]
[Source "ChessBase"]
[SourceQuality "1"]
[TimeControl "40/5400+30:1800+30"]

1. Nf3 Nf6 2. d4 d5 3. c4 c6 4. Nc3 g6 5. Bf4 Bg7 6. e3 O-O 7. h3 {[%emt 0:00:41] LiveBook: 189 Games} e6 {[%emt 0:09:06] D93: Grünfeld: 4 Nf3 Bg7 5 Bf4 0-0 6 e3} (7... c5 8. dxc5 Ne4 9. Rc1 Nd7 10. cxd5 Nxc3 11. bxc3 Nxc5 12. Be2 Qa5 13. O-O {½-½ (13) Bulski,K (2522)-Votava,J (2522) Czech Republic 2017}) 8. Be2 Nbd7 9. O-O Re8 10. Rc1 b6 11. Ne5 Bb7 12. cxd5 exd5 13. Qa4 Nxe5 14. Bxe5 Nd7 15. Bg3 $146 (15. Bxg7 Kxg7 {½-½ (51) Ferreira,O-Dienavorian Lacherian,M Tucuman 1971}) 15... a6 16. Bf3 b5 17. Qc2 Nb6 18. Nd1 Bf8 19. b3 Bd6 20. Bxd6 Qxd6 21. Nb2 Nd7 22. Nd3 Rac8 23. Bg4 f5 24. Bf3 g5 25. g3 Qg6 26. Qd1 Qd6 27. Rc2 Kh8 28. Bg2 Qg6 29. Rc3 Kg7 30. Bf3 Qd6 31. Qd2 h6 32. Rfc1 Ba8 33. R3c2 Re7 $1 $11 (33... Bb7 $16 {keeps fighting.} 34. g4 fxg4 35. Bxg4 Rc7) 34. Bg2 (34. Qb4 $18 Re6 35. g4) 34... Rce8 $1 35. Bf3 Rf8 36. Bg2 (36. a4 $16) 36... Rfe8 37. Nb4 Nb8 38. Nd3 (38. Bf3 $16) 38... Nd7 39. a4 Bb7 40. axb5 axb5 41. Ra1 Ra8 42. Rxa8 Bxa8 43. Ra2 Bb7 44. Ra7 Bc8 $2 (44... Qb8 $16 45. Qa5 Kg8) 45. Qa5 (45. Qb4 $18 Qxb4 46. Nxb4) 45... Nf6 46. Ne5 Rxa7 47. Qxa7+ Bd7 48. Qa8 Qc7 49. Qa3 Be8 50. Qc5 Kg8 51. b4 Kg7 52. f3 Ng8 53. e4 fxe4 54. fxe4 dxe4 55. Bxe4 Ne7 56. Kg2 Qb7 (56... Qd8 $16 57. Kh1 (57. Ng4 Nd5 $16) 57... Qc7) 57. h4 (57. Ng4 $18 {Hoping for Qe5+.} Ng8 58. Nxh6 (58. Qe5+ Kf8 59. Nf6 Nxf6 60. Qxf6+ Kg8 61. Qxh6 Qe7 $18) 58... Kxh6 59. Qf8+ Qg7 60. Qxe8) 57... gxh4 58. gxh4 Nd5 ({Black should play} 58... Qc7 $14) 59. Bxd5 cxd5 60. Kg3 Kg8 61. Kf4 h5 (61... Kg7 {was called for.} 62. Qd6 Qc8) 62. Qd6 Bf7 63. Qd8+ (63. Qf6 $142 Be8 64. Qd8) 63... Kg7 64. Qg5+ Kf8 65. Qf6 Qc7 66. Qxf7+ 1-0

[Event "20th Heraklion IT Open 2017"]
[Site "Heraklion"]
[Date "2017.04.19"]
[Round "4"]
[White "Brokalakis - Gounaris, Christos"]
[Black "Lianeris, Andreas"]
[Result "1/2-1/2"]
[ECO "E16"]
[WhiteElo "1773"]
[BlackElo "1543"]
[Annotator "NA RC"]
[PlyCount "119"]
[EventDate "2017.??.??"]
[EventType "swiss"]
[EventCountry "GRE"]
[SourceTitle "playchess.com"]
[Source "ChessBase"]
[SourceQuality "1"]
[TimeControl "40/5400+30:1800+30"]

1. d4 Nf6 2. c4 e6 3. Nf3 Bb4+ 4. Bd2 Qe7 5. a3 Bxd2+ 6. Nbxd2 O-O 7. g3 d6 8. Bg2 Nc6 9. O-O Re8 10. e4 e5 11. d5 Nb8 12. b4 Bg4 13. h3 Bh5 14. Qc2 Nbd7 15. Rac1 c5 16. dxc6 bxc6 17. Nh4 Bg6 18. Nxg6 hxg6 19. Rfd1 c5 20. Nb3 Nf8 21. Qd2 Rad8 22. Na5 Qc7 23. b5 Ne6 24. Nc6 Rd7 25. h4 Nd4 26. Nxd4 exd4 27. Re1 Rde7 28. Qd3 Nd7 29. Qd2 Nf6 30. Qd3 Qa5 31. Re2 Qa4 32. f3 Nd7 33. Rb2 Qa5 34. Qd2 Qxd2 35. Rxd2 f5 36. exf5 gxf5 37. a4 Re2 38. Rcd1 Nb6 39. Bf1 Rxd2 40. Rxd2 Nxa4 41. Ra2 Nc3 42. Rxa7 Re1 43. Kf2 Rb1 44. Bd3 Rb4 45. Bxf5 Nd1+ 46. Ke2 Ne3 47. Bd3 Nxc4 48. Bxc4+ Rxc4 49. b6 Rb4 50. b7 Kh7 51. Ra6 Rxb7 52. Rxd6 Rc7 53. Kd2 Kg8 54. Rb6 c4 55. Rd6 d3 56. Kc3 Kf8 57. Rd4 Ke8 58. Re4+ Kd8 59. g4 Rd7 60. Re1 1/2-1/2

[Event "20th Heraklion IT Open 2017"]
[Site "Heraklion"]
[Date "2017.04.19"]
[Round "4"]
[White "Pelantakis, Mihail"]
[Black "Dhruv Easwar"]
[Result "1-0"]
[ECO "E09"]
[WhiteElo "1737"]
[BlackElo "1753"]
[Annotator "NA"]
[PlyCount "128"]
[EventDate "2017.??.??"]
[EventType "swiss"]
[EventCountry "GRE"]
[SourceTitle "playchess.com"]
[Source "ChessBase"]
[SourceQuality "1"]
[TimeControl "5400+30"]

1. d4 d6 2. c4 e5 3. dxe5 dxe5 4. Qxd8+ Kxd8 {[%emt 0:00:08] LiveBook: 362 Games} 5. Nc3 Bb4 {[%emt 0:03:01] A41: 1 d4 d6: Tartakower System and Modern Defence} (5... Be6 6. b3 Nd7 7. Bb2 c6 8. e3 f6 9. Bd3 Nh6 10. h3 Kc7 11. O-O-O Nc5 12. Bc2 a5 13. Nge2 a4 14. g4 axb3 15. axb3 {½-½ (56) Lei,T (2480)-Cheparinov,I (2698) Ho Chi Minh City 2017}) 6. Bd2 Be6 7. a3 $146 (7. e3 Nd7 8. O-O-O c6 9. Nf3 f6 10. Rg1 Bxc3 11. Bxc3 Kc7 12. g4 Ne7 13. g5 {0-1 (50) Petrekanovic,M (2102)-Brankovic,V (2171) Belgrade 2015}) 7... Bxc3 8. Bxc3 f6 9. e3 Nd7 10. Nf3 Ke8 11. Be2 Ne7 12. Nd2 Kf7 13. Bf3 Rab8 14. O-O Nc5 15. Rac1 ({Better is} 15. Bh5+ $14 Kf8 16. a4) 15... Rhd8 16. Rfd1 Rd7 17. b4 Na4 18. Ba1 Rd3 19. Nb1 Rxd1+ 20. Bxd1 Nb6 21. Be2 c5 22. Kf1 Nc6 23. bxc5 Na4 24. Bc3 Nxc5 25. Rd1 Na4 26. Ke1 Rc8 27. Bf3 Nb6 28. Bd5 Nxc4 29. Bxc4 Bxc4 30. Rd7+ Ke6 31. Rxb7 ({Don't choose} 31. Rxg7 $2 Bd3 32. Rxb7 (32. Nd2 $2 Ne7 33. Rxe7+ Kxe7 34. Bb4+ Kf7 $19) 32... Nd8 $19) 31... Nd8 32. Rb2 Bd3 33. Kd2 Bf1 34. g3 Bg2 35. Ke2 Be4 36. Bd2 Rc2 37. Rb4 Bg6 38. Nc3 Nc6 39. Rc4 Na5 40. Rb4 Nc6 41. Rc4 Kd7 42. Rc5 Rb2 43. Rb5 Rxb5 44. Nxb5 a6 45. Nc3 Kd6 46. Na4 Kd5 47. Nb2 Kc5 48. f3 Bc2 49. Bc3 Kb5 50. Kd2 Bb3 51. Kd3 a5 52. f4 exf4 53. exf4 Ne7 54. Bd4 Nc6 55. Bc3 Nd8 56. g4 Ne6 57. Ke4 Nc5+ 58. Ke3 Ne6 59. h4 Bc2 60. Kd2 Bb3 61. Ke3 Bc2 62. Kd2 Bb3 63. Ke3 Bc2 64. Kd2 Bb1 $11 1-0